 Dungeon Crawl Stone Soup version 0.28-a0-1510-gd0f6b136d3 (webtiles) character file.

Game seed: 8093153198268150252

5 hashsling the Grasshopper (level 1, -2/11 HPs)
             Began as a Spriggan Warper on Jan 14, 2022.
             Slain by a kobold (4 damage)
             ... on level 1 of the Dungeon.
             The game lasted 00:00:52 (200 turns).

hashsling the Grasshopper (Spriggan Warper)          Turns: 200, Time: 00:00:53

Health: -2/11      AC:  2    Str:  7    XL:     1   Next: 66%
Magic:  5/5        EV: 17    Int: 14    God:
Gold:   38         SH:  0    Dex: 14    Spells: 5/5 levels left

rFire   . . .      SeeInvis +   a - +0 short sword
rCold   . . .      Faith    .   (no shield)
rNeg    . . .      Spirit   .   b - +0 robe
rPois   .          Reflect  .   (helmet restricted)
rElec   .          Harm     .   (no cloak)
rCorr   .          Rampage  .   (gloves unavailable)
Will    .....                   (boots unavailable)
Stlth   +.........              (no amulet)
HPRegen 0.03/turn               (no ring)
MPRegen 0.09/turn               (no ring)

@: very quick
A: very small, no large weapons, unfitting armour, see invisible, speed 3
a: no special abilities


You were on level 1 of the Dungeon.
You visited 1 branch of the dungeon, and saw 1 of its levels.

You collected 38 gold pieces.

Inventory:

Hand Weapons
 a - a +0 short sword (weapon)
Missiles
 d - 5 boomerangs of dispersal (quivered)
Armour
 b - a +0 robe (worn)
Scrolls
 c - a scroll of blinking
Potions
 e - a potion of flight {unknown}
 f - a potion of lignification {unknown}


   Skills:
 + Level 1.6 Fighting
 + Level 2.3 Short Blades
 - Level 1.0 Throwing
 + Level 3.3 Dodging
 + Level 2.8 Spellcasting
 + Level 4.5 Translocations


You had 5 spell levels left.
You didn't know any spells.
Your spell library contained the following spells:

 Spells                   Type           Power      Damage    Failure   Level
 Blink                    Tloc           28%        N/A       5%          2
 Gell's Gravitas          Tloc           14%        N/A       11%         3
 Lesser Beckoning         Tloc           14%        N/A       11%         3
 Teleport Other           Tloc           14%        N/A       11%         3
 Manifold Assault         Tloc           14%        N/A       67%         5


Dungeon Overview and Level Annotations

Branches:
Dungeon (1/15)

Altars:


Innate Abilities, Weirdness & Mutations

You are very small and have problems with some larger weapons.
You are too small for most types of armour.
You have supernaturally acute eyesight. (SInv)
You cover ground extremely quickly. (Speed+++)


Message History

A kobold comes into view. It is wielding a +0 short sword.
The kobold shouts!
The kobold hits you with a +0 short sword.
You closely miss the kobold. The kobold completely misses you.
You hit the kobold but do no damage.
The kobold hits you with a +0 short sword.
* * * LOW HITPOINT WARNING * * *
You are too injured to fight recklessly!
You are too injured to fight recklessly!
Hit: a) +0 short sword
Press: ? - help, Dir - move target, f - kobold
Aim: a kobold, wielding a +0 short sword and quivering stones (about 45% to evade your +0 short sword)
You hit the kobold but do no damage. The kobold closely misses you.
Hit: a) +0 short sword
Press: ? - help, Dir - move target, f/p - kobold
Aim: a kobold, wielding a +0 short sword and quivering stones (about 45% to evade your +0 short sword)
You barely miss the kobold. The kobold closely misses you.
Hit: a) +0 short sword
Press: ? - help, Dir - move target, f/p - kobold
Aim: a kobold, wielding a +0 short sword and quivering stones (about 45% to evade your +0 short sword)
You barely miss the kobold. The kobold barely misses you.
Hit: a) +0 short sword
Press: ? - help, Dir - move target, f/p - kobold
Aim: a kobold, wielding a +0 short sword and quivering stones (about 45% to evade your +0 short sword)
You hit the kobold.
The kobold is severely wounded.
The kobold barely misses you.
Hit: a) +0 short sword
Press: ? - help, Dir - move target, f/p - kobold
Aim: a kobold, wielding a +0 short sword and quivering stones (severely wounded, about 45% to evade your +0 short sword)
You closely miss the kobold.
The kobold is severely wounded.
The kobold hits you but does no damage.
Hit: a) +0 short sword
Press: ? - help, Dir - move target, f/p - kobold
Aim: a kobold, wielding a +0 short sword and quivering stones (severely wounded, about 45% to evade your +0 short sword)
You closely miss the kobold.
The kobold is severely wounded.
The kobold hits you with a +0 short sword.
You die...

#############
##...........#
.............+
##...........##
......K........
#.....@.....#
#...........#
#...........#
#...........#
##...........#
#............#
#.......######
#.......#
#.......# #


You could see a kobold.

Vanquished Creatures
  An endoplasm (D:1)
  2 giant cockroaches (D:1)
  A ball python (D:1)
  A rat (D:1)
5 creatures vanquished.

Notes
Turn   | Place    | Note
-------+----------+-------------------------------------------
     0 | D:1      | hashsling the Spriggan Warper began the quest for the Orb.
     0 | D:1      | Reached XP level 1. HP: 10/10 MP: 5/5
   200 | D:1      | Slain by a kobold

Illustrated notes

Levels and vault maps discovered:
D:1:      moated_graveyard_arrival, layout_basic, shapermc_ecumenical_altar_gd

Action                   || total
-------------------------++-------
Melee: Short sword       ||    29
Armor: Robe              ||     3
Dodge: Dodged            ||    21

Table legend: (Time is in decaauts)
 A = Elapsed time spent in this place.
 B = Non-inter-level travel time spent in this place.
 C = Inter-level travel time spent in this place.
 D = Time resting spent in this place.
 E = Time spent auto-exploring this place.
 F = Levels seen in this place.
 G = Mean time per level.
                   A        B        C        D        E       F      G
               +--------+--------+--------+--------+--------+-----+--------+
         Total |    154 |    154 |      0 |      0 |    110 |   1 |  154.0 |
       Dungeon |    154 |    154 |      0 |      0 |    110 |   1 |  154.0 |
               +--------+--------+--------+--------+--------+-----+--------+

Top non-repeatable levels by time:
     D:1: 154 daAuts
